 Dungeon Crawl Stone Soup version 0.28-a0-1199-gef9e1dbd39 (webtiles) character file.

Game seed: 11429888186572279199

47 bande the Covered (level 3, -1/24 HPs)
             Began as a Gargoyle Fighter on Dec 20, 2021.
             Slain by a black bear (5 damage)
             ... on level 2 of the Dungeon.
             The game lasted 00:02:08 (1383 turns).

bande the Covered (Gargoyle Fighter)                Turns: 1383, Time: 00:02:09

Health: -1/24      AC: 11    Str: 19    XL:     3   Next: 70%
Magic:  3/3        EV:  9    Int:  8    God:
Gold:   30         SH:  4    Dex: 11    Spells: 2/2 levels left

rFire   . . .      SeeInvis .   a - +0 war axe
rCold   . . .      Faith    .   c - +0 buckler
rNeg    + . .      Spirit   .   b - +0 scale mail
rPois   ∞          Reflect  .   g - +0 helmet
rElec   +          Harm     .   (no cloak)
rCorr   .          Rampage  .   (no gloves)
Will    .....                   (no boots)
Stlth   ..........              (no amulet)
HPRegen 0.08/turn               (no ring)
MPRegen 0.08/turn               (no ring)

@: mighty
A: sickness immunity, AC +3, negative energy resistance 1, electricity
resistance, torment resistance 1, petrification resistance
a: no special abilities


You were on level 2 of the Dungeon.
You visited 1 branch of the dungeon, and saw 2 of its levels.

You collected 42 gold pieces.
You spent 12 gold pieces at shops.

Inventory:

Hand Weapons
 a - a +0 war axe (weapon)
Armour
 b - a +0 scale mail (worn)
 c - a +0 buckler (worn)
 g - a +0 helmet (worn)
Wands
 i - a wand of paralysis (3)
Scrolls
 e - a scroll of blinking
 f - 2 scrolls of identify
 k - 2 scrolls of amnesia
Potions
 d - a potion of might


   Skills:
 + Level 3.7 Fighting
 + Level 2.5 Axes
 + Level 3.8 Armour
 + Level 3.5 Shields


You had 2 spell levels left.
You didn't know any spells.
Your spell library contained the following spells:

 Spells                   Type           Power      Damage    Failure   Level
 Summon Small Mammal      Summ           0%         N/A       80%         1
 Call Canine Familiar     Summ           0%         N/A       99%         3
 Summon Guardian Golem    Hex/Summ       0%         N/A       99%         3


Dungeon Overview and Level Annotations

Branches:
Dungeon (2/15)

Altars:

Shops:
D:2 !?


Innate Abilities, Weirdness & Mutations

You are immune to sickness and miasma.
Your stone body is resilient. (AC +3)
You are immune to poison.
You resist negative energy. (rN+)
You are resistant to electric shocks. (rElec)
You are resistant to unholy torment.
You are immune to petrification.


Message History

The black bear bites you but does no damage.
The black bear claws you but does no damage.
The black bear claws you.
You barely miss the black bear.
The black bear is almost dead.
The black bear bites you.
The black bear claws you but does no damage.
The black bear closely misses you.
The black bear bites you but does no damage.
You block the black bear's attack.
The black bear claws you but does no damage.
You hit the black bear but do no damage.
The black bear is almost dead.
You block the black bear's attack. The black bear claws you.
* * * LOW HITPOINT WARNING * * *
The black bear claws you but does no damage.
The black bear bites you.
* * * LOW HITPOINT WARNING * * *
You block the black bear's attack.
The black bear claws you but does no damage.
You barely miss the black bear.
The black bear is almost dead.
The black bear bites you but does no damage.
The black bear claws you but does no damage.
You block the black bear's attack. The black bear closely misses you.
You block the black bear's attack. The black bear barely misses you.
You hit the black bear.
The black bear is almost dead.
The black bear barely misses you.
The black bear claws you but does no damage. x2
You block the black bear's attack.
The black bear claws you but does no damage.
The black bear claws you.
* * * LOW HITPOINT WARNING * * *
The black bear closely misses you.
The black bear claws you but does no damage.
You block the black bear's attack.
You feel very mighty all of a sudden. You block the black bear's attack.
The black bear claws you.
You die...

.# .# $# .# .#
.# #######.#
#...@hS.#
###.#######
..#.# #.#.#
#.#.#
###########.#.#
....[..^....#.#
##............#
#.############


You could see a black bear (berserk) and a ball python.

Vanquished Creatures
  Jessica (D:2)
  A dart slug (D:1)
  4 hobgoblins
  4 jackals (D:1)
  4 kobolds (D:1)
  2 bats
  2 rats (D:1)
18 creatures vanquished.

Notes
Turn   | Place    | Note
-------+----------+-------------------------------------------
     0 | D:1      | bande the Gargoyle Fighter began the quest for the Orb.
     0 | D:1      | Reached XP level 1. HP: 14/14 MP: 1/1
   295 | D:1      | Reached XP level 2. HP: 19/19 MP: 2/2
   860 | D:2      | Noticed Jessica
   861 | D:2      | Found Ummelua's Magic Scroll Shoppe.
   861 | D:2      | Found Ceptu's Distillery.
   873 | D:2      | Killed Jessica
   874 | D:2      | Reached XP level 3. HP: 16/24 MP: 3/3
  1290 | D:2      | Bought a potion of degeneration for 12 gold pieces
  1358 | D:2      | Noticed a black bear
  1383 | D:2      | Slain by a black bear

Illustrated notes

Levels and vault maps discovered:
D:1:      ncdulo_lavacross, layout_loops_ring
D:2:      layout_loops_ring, serial_shops, shop, shop, shop, shop, uniq_jessica

Skill      XL: |  1  2 |
---------------+-------+-----
Axes           | 2 |  2.5
Fighting       | |  3.7
Armour         | |  3.8
Shields        | |  3.5

Action                   || total
-------------------------++-------
Melee: War axe           ||    84
  Use: Scroll            ||     4
       Potion            ||     2
Armor: Scale mail        ||    82
Dodge: Dodged            ||    46
Block: Buckler           ||    29

Table legend: (Time is in decaauts)
 A = Elapsed time spent in this place.
 B = Non-inter-level travel time spent in this place.
 C = Inter-level travel time spent in this place.
 D = Time resting spent in this place.
 E = Time spent auto-exploring this place.
 F = Levels seen in this place.
 G = Mean time per level.
                   A        B        C        D        E       F      G
               +--------+--------+--------+--------+--------+-----+--------+
         Total |   1418 |   1400 |     18 |    364 |    824 |   2 |  709.0 |
       Dungeon |   1418 |   1400 |     18 |    364 |    824 |   2 |  709.0 |
               +--------+--------+--------+--------+--------+-----+--------+

Top non-repeatable levels by time:
     D:1: 877 daAuts
     D:2: 540 daAuts
